 Dungeon Crawl Stone Soup version 0.30.1-9-gdf580d7c3d (webtiles) character file.

Game seed: 3501541539752670395

1626981 LordWeiramon the Imperceptible (level 27, 196/199 HPs)
             Began as a Kobold Brigand on Oct 4, 2023.
             Was a High Priest of Ashenzari.
             Escaped with the Orb
             ... and 3 runes!
             The game lasted 05:31:56 (69796 turns).

LordWeiramon the Imperceptible (Kobold Brigand)    Turns: 69796, Time: 05:31:56

Health: 196/199    AC: 29    Str: 18    XL:     27
Magic:  23/23      EV: 52    Int: 12    God:    Ashenzari [*****.]
Gold:   3380       SH: 26    Dex: 38    Spells: 23/26 levels left

rFire   + + .        a - +7 rapier of the All-Knowing {venom, Bglg, Fort} (curse)
rCold   . . .        c - +0 kite shield of the Pangnostic Dogma {rPois, Alch, Fort} (curse)
rNeg    + . .        T - +2 fire dragon scales
rPois   +            f - +2 hat of Ashenzari's Oblivion {Self, Cun} (curse)
rElec   +            Z - +2 cloak of Ashenzari's Omen {Self, Evo} (curse)
rCorr   .            u - +1 pair of gloves "Distant Serendipity" {rElec Dex+2, Fort, Melee} (curse)
SInv    +            X - +2 pair of boots of the Visionary Sun {rampage, Elem, Fort} (curse)
Will    +++++        q - amulet "Cryptic Urgency" {Reflect Will+ Str+5 SH+5, Melee, Fort} (curse)
Stlth   ++++         P - ring "Tethered Sybil" {rC+ Dex+8, Alch, Fort} (curse)
HPRegen 0.53/turn    S - ring "Circumscribed Portent" {rN+ Will++ EV+5, Range, Fort} (curse)
MPRegen 0.18/turn

%: reflection, clarity, rampage
@: hasted, studying 2 skills, very quick
A: small, no large weapons, nightstalker 3, berserk 1, passive freeze, strong 1
0: Orb of Zot
}: 3/15 runes: decaying, abyssal, gossamer
a: Renounce Religion, Shatter the Chains


You escaped.
You worshipped Ashenzari.
Ashenzari was extremely pleased with you.
You visited 10 branches of the dungeon, and saw 47 of its levels.
You visited the Abyss 1 time.
You visited 1 bazaar.
You also visited: Ice Cave.

You collected 6804 gold pieces.
You spent 3424 gold pieces at shops.

Inventory:

Hand Weapons
 a - the cursed +7 rapier of the All-Knowing (weapon) {venom, Bglg, Fort}
   (You took it off a kobold brigand on level 6 of the Dungeon)

   It has a curse which improves the following skills: Beguiling: Conjurations,
   Hexes and Translocations.
   Fortitude: Armour and Shields.
Missiles
 d - 94 poisoned darts
 e - 13 curare-tipped darts
 C - 4 throwing nets (quivered)
 J - 6 atropa-tipped darts
 Q - 26 boomerangs
Armour
 c - the cursed +0 kite shield of the Pangnostic Dogma (worn) {rPois, Alch, Fort}
   (You took it off a tengu warrior on level 15 of the Dungeon)

   It has a curse which improves the following skills: Alchemy: Poison Magic and
   Transmutations.
   Fortitude: Armour and Shields.
 f - the cursed +2 hat of Ashenzari's Oblivion (worn) {Self, Cun}
   (You found it on level 3 of the Dungeon)

   It has a curse which improves the following skills: Introspection: Fighting
   and Spellcasting.
   Cunning:   Dodging and Stealth.
 n - the +3 hat of the Arcane {-Tele Rampage rF+ Slay+3}
   (You acquired it on level 1 of the Swamp)

   Slay:      It affects your accuracy & damage with ranged weapons and melee
   (+3).
   rF:        It protects you from fire.
   -Tele:     It prevents most forms of teleportation.
   Rampage:   It bestows one free step when moving towards enemies.
 u - the cursed +1 pair of gloves "Distant Serendipity" (worn) {rElec Dex+2, Fort, Melee}
   (You found it on level 1 of the Vaults)

   Dex:       It affects your dexterity (+2).
   rElec:     It insulates you from electricity.
   It has a curse which improves the following skills: Fortitude: Armour and
   Shields.
   Melee Combat: Short Blades, Long Blades, Axes, Maces & Flails, Polearms,
   Staves and Unarmed Combat.
 G - a +1 cloak of willpower
 T - +2 fire dragon scales (worn)
 X - the cursed +2 pair of boots of the Visionary Sun (worn) {rampage, Elem, Fort}
   (You found it on level 4 of the Spider Nest)

   It has a curse which improves the following skills: Elements: Fire Magic, Ice
   Magic, Air Magic and Earth Magic.
   Fortitude: Armour and Shields.
 Z - the cursed +2 cloak of Ashenzari's Omen (worn) {Self, Evo}
   (You bought it in a shop on level 12 of the Dungeon)

   It has a curse which improves the following skills: Introspection: Fighting
   and Spellcasting.
   Evocations: Evocations.
Jewellery
 q - the cursed amulet "Cryptic Urgency" (around neck) {Reflect Will+ Str+5 SH+5, Melee, Fort}
   (You found it on level 4 of the Lair of Beasts)

   [amulet of reflection]

   It reflects blocked missile attacks.
   Str:       It affects your strength (+5).
   SH:        It affects your SH (+5).
   Will:      It increases your willpower.
   It has a curse which improves the following skills: Melee Combat: Short
   Blades, Long Blades, Axes, Maces & Flails, Polearms, Staves and Unarmed
   Combat.
   Fortitude: Armour and Shields.
 F - a ring of protection from cold
 P - the cursed ring "Tethered Sybil" (left hand) {rC+ Dex+8, Alch, Fort}
   (You acquired it on level 3 of the Swamp)

   [ring of protection from cold]

   Dex:       It affects your dexterity (+8).
   rC:        It protects you from cold.
   It has a curse which improves the following skills: Alchemy: Poison Magic and
   Transmutations.
   Fortitude: Armour and Shields.
 S - the cursed ring "Circumscribed Portent" (right hand) {rN+ Will++ EV+5, Range, Fort}
   (You bought it in a shop in a bazaar)

   [ring of evasion]

   EV:        It affects your evasion (+5).
   rN:        It protects you from negative energy.
   Will:      It greatly increases your willpower.
   It has a curse which improves the following skills: Ranged Combat: Ranged
   Weapons and Throwing.
   Fortitude: Armour and Shields.
Wands
 b - a wand of digging (4)
 k - a wand of roots (26)
 s - a wand of polymorph (44)
 w - a wand of acid (26)
 z - a wand of flame (44)
 D - a wand of mindburst (39)
 K - a wand of charming (37)
Scrolls
 m - 28 scrolls of teleportation
 r - 3 scrolls of summoning
 t - 6 scrolls of fear
 v - 4 scrolls of brand weapon
 y - 7 scrolls of magic mapping
 B - 7 scrolls of blinking
 E - a scroll of silence
 I - 8 scrolls of fog
 R - 6 scrolls of poison
Potions
 i - 20 potions of curing
 j - 8 potions of mutation
 o - 3 potions of might
 p - 15 potions of ambrosia
 x - 8 potions of heal wounds
 A - 9 potions of cancellation
 H - 3 potions of flight
 N - 3 potions of resistance
 O - 7 potions of berserk rage
 U - 3 potions of haste
Miscellaneous
 g - a condenser vane
 h - a phantom mirror
 l - a box of beasts
 L - a lightning rod (4/4)
 M - a phial of floods


   Skills:
 - Level 24.4(27) Fighting
 - Level 24.7(27) Short Blades
 - Level 15.4(17.5) Throwing
 + Level 11.3(18.7) Armour
 - Level 25.5(27) Dodging
 - Level 25.6(27) Stealth
 - Level 14.9(22.3) Shields
 - Level 5.0(7.1) Evocations


You had 23 spell levels left.
You knew the following spells:

 Your Spells              Type           Power      Damage    Failure   Level
a - Blink                 Tloc           0%         N/A       77%         2
b - Apportation           Tloc           0%         N/A       63%         1

Your spell library contained the following spells:

 Spells                   Type           Power      Damage    Failure   Level
 Beastly Appendage        Tmut           2%         N/A       61%         1
 Sting                    Tmut/Pois      4%         1d3       61%         1
 Foxfire                  Conj/Fire      0%         2x1d4     63%         1
 Kiss of Death            Conj/Necr      0%         2d5       65%         1
 Summon Small Mammal      Summ           0%         N/A       67%         1
 Wereblood                Tmut           1%         N/A       75%         2
 Ensorcelled Hibernation  Hex/Ice        0%         N/A       77%         2
 Momentum Strike          Conj/Tloc      0%         3d8       77%         2
 Poisonous Vapours        Pois/Air       2%         N/A       77%         2
 Cigotuvi's Dreadful Rot  Necr/Pois/Air  0%         N/A       78%         2
 Sublimation of Blood     Necr           0%         N/A       80%         2
 Spider Form              Tmut/Pois      1%         N/A       93%         3
 Confusing Touch          Hex            0%         N/A       94%         3
 Gell's Gravitas          Tloc           0%         N/A       94%         3
 Hailstorm                Conj/Ice       0%         3d3       94%         3
 Inner Flame              Hex/Fire       0%         N/A       94%         3
 Portal Projectile        Hex/Tloc       0%         N/A       94%         3
 Teleport Other           Tloc           0%         N/A       94%         3
 Tukima's Dance           Hex            0%         N/A       94%         3
 Vhi's Electric Charge    Tloc/Air       0%         N/A       94%         3
 Call Canine Familiar     Summ           0%         N/A       95%         3
 Summon Guardian Golem    Hex/Summ       0%         N/A       95%         3
 Anguish                  Hex/Necr       0%         N/A       100%        4
 Cause Fear               Hex            0%         N/A       100%        4
 Dispel Undead            Necr           0%         3d6       100%        4
 Flame Wave               Conj/Fire      0%         2d4       100%        4
 Ice Form                 Ice/Tmut       1%         N/A       100%        4
 Leda's Liquefaction      Hex/Erth       0%         N/A       100%        4
 Manifold Assault         Tloc           0%         N/A       100%        4
 Olgreb's Toxic Radiance  Pois           1%         N/A       100%        4
 Petrify                  Tmut/Erth      1%         N/A       100%        4
 Sticky Flame             Conj/Fire      0%         2d3       100%        4
 Summon Lightning Spire   Summ/Air       0%         N/A       100%        4
 Alistair's Intoxication  Tmut/Pois      0%         N/A       100%        5
 Arcjolt                  Conj/Air       0%         1d10      100%        5
 Blade Hands              Tmut           0%         N/A       100%        5
 Borgnjor's Vile Clutch   Necr/Erth      0%         N/A       100%        5
 Fireball                 Conj/Fire      0%         3d3       100%        5
 Irradiate                Conj/Tmut      0%         3d11      100%        5
 Lee's Rapid Deconstruct  Erth           0%         3d4*      100%        5
 Summon Forest            Summ/Tloc      0%         N/A       100%        5
 Summon Mana Viper        Hex/Summ       0%         N/A       100%        5
 Death Channel            Necr           0%         N/A       100%        6
 Dispersal                Tloc           0%         N/A       100%        6
 Eringya's Noxious Bog    Tmut/Pois      0%         N/A       100%        6
 Plasma Beam              Fire/Air       0%         2x1d11    100%        6
 Simulacrum               Ice/Necr       0%         N/A       100%        6
 Starburst                Conj/Fire      0%         6d3       100%        6
 Statue Form              Tmut/Erth      0%         N/A       100%        6
 Enfeeble                 Hex            0%         N/A       100%        7
 Storm Form               Tmut/Air       0%         N/A       100%        7
 Summon Hydra             Summ           0%         N/A       100%        7
 Disjunction              Tloc           0%         N/A       100%        8
 Maxwell's Capacitive Co  Air            0%         ∞         100%        8
 Chain Lightning          Conj/Air       0%         N/A       100%        9
 Dragon's Call            Summ           0%         N/A       100%        9
 Fire Storm               Conj/Fire      0%         5d1       100%        9
 Shatter                  Erth           0%         3d5*      100%        9


Dungeon Overview and Level Annotations

Branches:
Dungeon (15/15)            Temple (1/1) D:6            Lair (5/5) D:8
  Swamp (4/4) Lair:2       Spider (4/4) Lair:2        Slime (0/5) Lair:5
    Orc (2/2) D:9             Elf (3/3) Orc:2        Vaults (4/5) D:14
  Crypt (0/3) Vaults:2     Depths (4/4) D:15            Zot (5/5) Depths:4
  IceCv (visited)

Altars:
Ashenzari
Cheibriados
Dithmenos
Elyvilon
Fedhas
Gozag
Hepliaklqana
Kikubaaqudgha
Makhleb
Nemelex Xobeh
Okawaru
Qazlal
Ru
Sif Muna
Trog
Uskayaw
Vehumet
Wu Jian
Xom
Yredelemnul
Zin
The Shining One
Jiyva

Shops:
D:12 [   Orc:2 *[!*   Elf:1 ?   Vaults:1 [   Depths:4 *

Portals:
Hell: Depths:1 Depths:2 Depths:3 Depths:4
Abyss: Depths:1 Depths:3
Pandemonium: Depths:2 Depths:4
Ziggurat: Depths:2

Annotations:
Zot:2 2 transporters


Innate Abilities, Weirdness & Mutations

You are small and have problems with some larger weapons.
You are completely attuned to the shadows.
You sometimes lose your temper in combat.
A frigid envelope surrounds you and freezes all who hurt you.
Your muscles are strong. (Str +4, Int/Dex -1)


Message History

There is a stone staircase leading down here.
There is a stone staircase leading up here.
You climb upwards.
There is a stone staircase leading down here.
There is a stone staircase leading up, spattered with blood here.
You climb upwards.
There is a stone staircase leading down here.
Things that are here:
2 stones; a +0 club
There is a stone staircase leading up here.
You climb upwards.
There is a stone staircase leading down here.
An Olaes, a sixfirhy and a large abomination come into view.
There is a stone staircase leading up here.
You climb upwards.
There is a stone staircase leading down here.
(D) Dungeon (T) Temple (L) Lair (S) Swamp (N) Spider Nest (M) Slime Pits (O) Orcish Mines (E) Elven Halls (V) Vaults (C) Crypt (U) Depths (H) Hell (Z) Zot
Where to? (Enter - D:1 @ (x,y), ? - help)
There is an open door here.
A hell hound comes into view. x3
The hell hound barks! x2
The hell hound breathes flames at you.
The blast of flame hits you but does no damage.
Unknown command.
You feel yourself speed up.
A hell hound comes into view.
You block the hell hound's attack. x3; The hell hound completely misses you.
Blink to where?
Press: ? - help, Dir - move target
As you read the scroll of blinking, it crumbles to dust.
There is an open door here.
The hell hound breathes flames at you. The blast of flame misses you.
You close the door.
There is an open door here.
There is a staircase leading out of the dungeon here.
You have escaped!

########..## #.....
#..........## #.....
#...........## #.....
#.........#.[# #.....
#.........##.# ######
###.########.##
#.##.....#..# #######
#..#.....##.###.....#
##.'..@..'...##.....#
###.....###..#.....#
#.....# ##[.....)#
####### ##......#
#......# #......#
#......# #.....##
#†#.#.# #


There were no monsters in sight!

Vanquished Creatures
  2 orbs of fire (Zot:5)
  A juggernaut (Depths:2)
  Mara (Elf:3)
  Josephina (Depths:3)
  Parghit (Zot:1)
  Sojobo (Vaults:2)
  7 Killer Klowns
  Frederick (Vaults:2)
  the Lernaean hydra (Swamp:4)
  2 curse toes (Zot:4)
  The ghost of mantisjm the Hoplite, a veteran HOFi of Qazlal (Vaults:1)
  2 caustic shrikes
  7 golden dragons
  Nikola (Depths:2)
  A profane servitor (D:12)
  An electric golem (Zot:5)
  Jorgrun (D:15)
  11 tentacled monstrosities
  Mlioglotl (Swamp:1)
  23 Orb Guardians
  A lich (Depths:3)
  A titan (Vaults:2)
  3 deep elf master archers (Elf:3)
  4 deep elf blademasters (Elf:3)
  4 quicksilver dragons
  Frances (Elf:1)
  3 sphinxes
  Kirke (Spider:1)
  A tengu reaver (Vaults:2)
  5 death cobs
  A thorn hunter (Swamp:2)
  7 shadow dragons
  Roxanne (Swamp:3)
  7 fire giants
  2 draconian knights (Zot:2)
  3 azure jellies (IceCv)
  8 draconian monks
  8 storm dragons
  3 fenstrider witches
  2 revenants (Vaults:1)
  A rockslime (IceCv)
  Aizul (Vaults:4)
  5 deep elf sorcerers
  2 emperor scorpions
  14 vault wardens
  7 ghost moths
  An iron dragon (Depths:2)
  4 frost giants
  2 draconian scorchers
  A balrug (Depths:4)
  5 deep elf elementalists
  A draconian stormcaller (Zot:3)
  3 draconian shifters (Zot:4)
  A ghoul (Swamp:4)
  4 quicksilver oozes (IceCv)
  4 draconian annihilators
  An orc warlord (Vaults:2)
  9 stone giants
  5 broodmothers
  15 ironbound preservers
  An angel (Depths:2)
  13 ironbound thunderhulks
  3 war gargoyles
  8 black draconians
  3 deep elf demonologists
  7 green draconians
  Nessos (D:15)
  33 very ugly things
  3 vampire knights
  7 red draconians
  12 purple draconians
  A starcursed mass (Abyss:3)
  6 bunyips
  8 yellow draconians
  8 white draconians
  6 deep elf annihilators
  12 spark wasps
  8 dire elephants
  An eidolon (Vaults:1)
  4 deep elf death magi
  6 ettins
  A deep elf high priest (Vaults:4)
  8 fire dragons
  10 yaktaur captains
  11 vault guards
  Fannar (D:12)
  2 rakshasas
  Erolcha (Orc:2)
  3 catoblepae
  7 ironbound frosthearts
  4 jorogumos
  A caustic shrike simulacrum (Depths:3)
  A spriggan air mage (Depths:3)
  4 great orbs of eyes
  A hell beast (Depths:4)
  4 entropy weavers
  An anaconda (Lair:5)
  17 hydras
  A peacekeeper (Vaults:2)
  A death knight (D:14)
  8 ice dragons
  Harold (Lair:1)
  22 centaur warriors
  5 ogre magi
  The ghost of kirbyLore2370 the Destroyer, a journeyman DrCj of Hepliaklqana (Swamp:1)
  12 alligators
  2 ghost crabs
  The ghost of Zonian the Thaumaturge, a journeyman DEIE of Gozag (Lair:4)
  2 radroaches
  6 boulder beetles
  17 two-headed ogres
  37 dancing weapons
  7 deep troll shamans
  5 tengu warriors
  6 deep troll earth magi
  14 death yaks
  2 orc high priests
  13 deep elf knights
  A wretched star (Abyss:3)
  A skyshark (Lair:5)
  6 pharaoh ants
  4 spriggan berserkers
  8 goliath frogs
  4 iron trolls
  2 fire crabs (shapeshifter)
  42 deep trolls
  A sixfirhy (Zot:5)
  2 sun moths (Spider:3)
  Lodul (D:12)
  3 skeletal warriors (Vaults:2)
  A spriggan druid (Swamp:1)
  6 bog bodies
  9 orb spiders
  10 deep elf archers
  7 swamp dragons
  A tengu zombie (Depths:2)
  A spriggan simulacrum (Depths:3)
  2 flayed ghosts
  16 ironbound convokers
  21 lindwurms
  3 orange crystal statues
  7 wizards
  4 harpies (Vaults:1)
  A sphinx zombie (Vaults:1)
  8 steelbarb worms
  6 phantasmal warriors
  4 glowing orange brains
  5 orc knights
  34 deep elf zephyrmancers
  28 wolf spiders
  4 necromancers
  26 deep elf pyromancers
  33 ugly things
  4 manticores
  An orc sorcerer (D:15)
  4 will-o-the-wisps
  4 large abominations
  A faun (shapeshifter) (Depths:3)
  18 elephants
  8 cyclopes
  An elephant (shapeshifter) (Depths:3)
  6 black mambas
  A tengu skeleton (Vaults:2)
  2 frost giant skeletons
  35 moths of wrath
  A fire giant zombie (Depths:2)
  14 vault sentinels
  Maurice (D:13)
  11 cane toads
  15 demonic crawlers
  The ghost of OlManJenkins the Magician, a novice DgFE (D:6)
  A gargoyle (D:11)
  An orange demon (Depths:4)
  3 smoke demons
  4 unseen horrors
  7 torpor snails
  2 kobold demonologists
  2 yaktaur skeletons (Vaults:2)
  28 yaktaurs
  4 rime drakes
  A spark wasp simulacrum (Depths:3)
  An efreet (D:14)
  13 komodo dragons
  A tormentor (D:6)
  2 tengu conjurers
  3 freezing wraiths
  A queen bee (D:10)
  A hellwing (Depths:4)
  11 polar bears
  8 trolls
  13 hornets
  2 tengu simulacra (Depths:3)
  5 meliai
  22 tarantellas
  39 blink frogs
  9 tyrant leeches
  23 dream sheep
  A hornet (shapeshifter) (D:14)
  A sphinx simulacrum (Depths:2)
  54 slime creatures
  A raiju (Lair:5)
  2 dream sheep (shapeshifter)
  3 ettin skeletons
  13 spriggans
  A jumping spider (shapeshifter) (Depths:4)
  34 jumping spiders
  A centaur simulacrum (D:14)
  2 wyverns
  4 air elementals
  A deep troll skeleton (Vaults:2)
  24 culicivoras
  2 shadows
  A ynoxinul (D:8)
  15 water elementals
  5 wraiths
  5 basilisks
  31 yaks
  3 fire elementals
  A hog (Spider:1)
  50 redbacks
  5 neqoxecs (Abyss:3)
  6 steam dragons
  5 chaos spawn (Depths:3)
  4 small abominations (Depths:3)
  6 vampire mosquitoes (Swamp:1)
  9 wargs
  15 swamp worms
  3 acid dragons
  12 water moccasins
  5 glowing shapeshifter skeletons (Vaults:2)
  14 hell hounds (Lair:5)
  A floating eye (Elf:2)
  22 orc warriors
  14 black bears
  10 swamp drakes
  2 sky beasts (D:7)
  7 ice beasts
  2 great orb of eyes simulacra (IceCv)
  18 centaurs
  34 wolves
  35 ogres
  4 human skeletons
  3 slime creature simulacra (IceCv)
  15 kobold brigands
  9 bullfrogs
  Blork the orc (D:6)
  A necrophage (Swamp:4)
  2 scorpions
  An earth elemental (Elf:2)
  5 glowing shapeshifter simulacra (IceCv)
  28 killer bees
  9 howler monkeys
  8 jellies
  15 orc priests
  3 gnoll boudas
  3 hounds
  A sleepcap (D:7)
  5 iguanas
  18 orc wizards
  2 ogre skeletons
  A mummy (D:8)
  Robin (D:3)
  18 gnolls
  An orc zombie (Orc:1)
  4 adders
  A gnoll zombie (Orc:1)
  An ogre simulacrum (Orc:1)
  An orc skeleton (Orc:1)
  2 white imps (D:6)
  An ufetubus (D:4)
  2 worms (D:3)
  3 dart slugs
  72 orcs
  7 endoplasms
  4 giant cockroaches
  17 goblins
  4 hobgoblins
  4 jackals (D:1)
  29 kobolds
  2 quokkas
  7 ball pythons
  4 bats
  3 frilled lizards
  5 rats
2068 creatures vanquished.

Vanquished Creatures (collateral kills)
  An orb spider (Spider:2)
  A torpor snail (Spider:2)
  A jumping spider (Spider:2)
3 creatures vanquished.

Vanquished Creatures (others)
  A tengu reaver (Vaults:2)
  2 deep elf pyromancers
  2 bloated husks (Swamp:2)
  3 humans (Spider:1)
  2 kobolds (D:9)
10 creatures vanquished.

Grand Total: 2081 creatures vanquished

Notes
Turn   | Place    | Note
-------+----------+-------------------------------------------
     0 | D:1      | LordWeiramon the Kobold Brigand began the quest for the
                  | Orb.
     0 | D:1      | Reached XP level 1. HP: 12/12 MP: 1/1
    51 | D:1      | Reached XP level 2. HP: 17/17 MP: 2/2
   181 | D:1      | Reached XP level 3. HP: 4/21 MP: 3/3
   709 | D:2      | Reached skill level 5 in Short Blades
  1072 | D:2      | Found a faded altar of an unknown god.
  1146 | D:2      | Reached XP level 4. HP: 26/26 MP: 4/4
  1364 | D:2      | Learned a level 2 spell: Blink
  2015 | D:3      | Reached XP level 5. HP: 30/30 MP: 5/5
  2583 | D:3      | Noticed Robin
  2613 | D:3      | Killed Robin
  2681 | D:3      | Found a white marble altar of Elyvilon.
  3927 | D:5      | Entered Level 5 of the Dungeon
  4007 | D:5      | Noticed an ice beast
  4009 | D:5      | Reached XP level 6. HP: 35/35 MP: 6/6
  4011 | D:5      | Noticed a black bear
  4014 | D:5      | Killed an ice beast
  4014 | D:5      | Killed a black bear
  4015 | D:5      | Reached XP level 7. HP: 27/40 MP: 7/7
  4336 | D:5      | Reached skill level 5 in Dodging
  5055 | D:4      | Reached XP level 8. HP: 44/46 MP: 8/8
  5787 | D:5      | Reached skill level 5 in Throwing
  6057 | D:6      | Noticed Blork the orc
  6059 | D:6      | Killed Blork the orc
  6195 | D:6      | Found a runed translucent gate.
  6196 | D:6      | Found a runed translucent gate.
  6197 | D:6      | Found a runed translucent gate.
  6197 | D:6      | Noticed OlManJenkins's ghost (novice DgFE)
  6198 | D:6      | Noticed a kobold demonologist
  6235 | D:6      | Identified the +3 ring mail of Gravity {rC++ Stlth+}
  6394 | D:6      | Found a staircase to the Ecumenical Temple.
  6400 | Temple   | Entered the Ecumenical Temple
  6427 | Temple   | Became a worshipper of Ashenzari the Shackled
  6706 | D:6      | Found a basalt altar of Yredelemnul.
  6714 | D:6      | Found a blossoming altar of Fedhas.
  6764 | D:6      | Reached skill level 1 in Armour
  6794 | D:6      | Found a sacrificial altar of Ru.
  6806 | D:6      | Found an ornate altar of the Wu Jian Council.
  7068 | D:7      | Reached XP level 9. HP: 29/50 MP: 9/9
  8060 | D:7      | Reached skill level 5 in Armour
  8228 | D:7      | Reached skill level 1 in Shields
  8388 | D:7      | Found a hazy altar of Hepliaklqana.
  8606 | D:7      | Reached * piety under Ashenzari
  8871 | D:7      | Found a glowing silver altar of Zin.
  8871 | D:7      | Noticed an angel
  9009 | D:8      | Noticed a two-headed ogre
  9177 | D:8      | Found a staircase to the Lair.
  9178 | D:8      | Noticed a rime drake
  9181 | D:8      | Reached XP level 10. HP: 57/57 MP: 10/10
  9245 | D:8      | Reached ** piety under Ashenzari
  9375 | D:8      | Found a snail-covered altar of Cheibriados.
  9459 | D:8      | Reached skill level 5 in Fighting
  9743 | D:8      | Noticed a cyclops
  9753 | D:8      | Killed a cyclops
 10132 | D:6      | Killed OlManJenkins's ghost
 10141 | D:6      | Killed a kobold demonologist
 10156 | D:6      | Reached skill level 10 in Dodging
 10643 | D:8      | Killed a rime drake
 10644 | D:8      | Reached skill level 10 in Short Blades
 10961 | D:9      | Reached XP level 11. HP: 48/67 MP: 11/11
 11525 | D:9      | Found a staircase to the Orcish Mines.
 11890 | D:9      | Found a shimmering blue altar of Sif Muna.
 11902 | D:10     | Entered Level 10 of the Dungeon
 12113 | D:10     | Reached *** piety under Ashenzari
 12605 | D:10     | Found a sparkling altar of Nemelex Xobeh.
 13089 | D:10     | Reached skill level 10 in Stealth
 13442 | D:8      | Killed a two-headed ogre
 13468 | D:8      | Noticed a deep elf pyromancer
 13471 | D:8      | Killed a deep elf pyromancer
 13472 | D:8      | Reached XP level 12. HP: 72/72 MP: 12/12
 13679 | D:11     | Reached **** piety under Ashenzari
 13778 | D:11     | Reached skill level 5 in Shields
 14546 | Lair:1   | Entered Level 1 of the Lair of Beasts
 15511 | Lair:1   | Noticed Harold
 15617 | Lair:1   | Killed Harold
 15781 | Lair:2   | Reached XP level 13. HP: 59/80 MP: 13/13
 16190 | Lair:2   | Reached skill level 15 in Dodging
 16295 | Lair:2   | Found a staircase to the Swamp.
 16587 | Lair:2   | Found a hole to the Spider Nest.
 16828 | Lair:3   | Reached skill level 5 in Evocations
 17980 | Lair:3   | Noticed a catoblepas
 17984 | Lair:3   | Killed a catoblepas
 18033 | Lair:3   | Reached skill level 10 in Fighting
 18824 | Lair:4   | Identified the amulet of Enwinn {Reflect Will+ Str+5 SH+5}
 18886 | Lair:4   | Found a transporter.
 18899 | Lair:4   | Found a transporter.
 18899 | Lair:4   | Noticed Zonian's ghost (journeyman DEIE)
 18963 | Lair:4   | Noticed a catoblepas
 18994 | Lair:4   | Reached XP level 14. HP: 92/94 MP: 14/14
 19824 | Lair:4   | Reached skill level 15 in Stealth
 19827 | Lair:4   | Killed Zonian's ghost
 19900 | Lair:5   | Entered Level 5 of the Lair of Beasts
 20837 | Lair:5   | Found a staircase to the Slime Pits.
 20854 | Lair:5   | Found a viscous altar of Jiyva.
 21214 | Lair:5   | Reached XP level 15. HP: 72/99 MP: 15/15
 21840 | Lair:5   | Identified a scroll of acquirement
 21846 | Lair:5   | Acquired a manual of Throwing
 23086 | Lair:5   | Reached skill level 10 in Throwing
 23471 | Lair:5   | Identified the +2 hand axe of Meak {antimagic, rPois rN+
                  | Str-3 Dex+4}
 23586 | Lair:5   | Acquired a ring of poison resistance
 25111 | D:12     | Found Uhipiur's Antique Armour Emporium.
 25116 | D:12     | Bought a pair of runed gloves for 210 gold pieces
 25116 | D:12     | Bought an embroidered cloak for 210 gold pieces
 25159 | D:12     | Reached skill level 15 in Throwing
 25466 | D:12     | Noticed Lodul
 25475 | D:12     | Reached XP level 16. HP: 104/104 MP: 16/16
 25486 | D:12     | Killed Lodul
 25575 | D:12     | Noticed Fannar
 25579 | D:12     | Killed Fannar
 25994 | D:13     | Identified the Tome of Portals and the Anticline
 26641 | D:13     | Noticed Maurice
 26651 | D:13     | Killed Maurice
 27678 | D:14     | Found a gate to the Vaults.
 28148 | D:15     | Entered Level 15 of the Dungeon
 28330 | D:15     | Found a staircase to the Depths.
 28414 | D:15     | Noticed Nessos
 28424 | D:15     | Killed Nessos
 29394 | D:15     | Noticed Jorgrun
 29398 | D:15     | Killed Jorgrun
 29765 | Orc:1    | Entered Level 1 of the Orcish Mines
 30217 | Orc:1    | Reached XP level 17. HP: 87/106 MP: 17/17
 30549 | Orc:2    | Entered Level 2 of the Orcish Mines
 30575 | Orc:2    | Found a staircase to the Elven Halls.
 30697 | Orc:2    | Reached skill level 15 in Short Blades
 30768 | Orc:2    | Noticed Erolcha
 30771 | Orc:2    | Killed Erolcha
 31838 | Orc:2    | Found Fuko's Assorted Antiques.
 31838 | Orc:2    | Found Izotaopn's Distillery.
 31839 | Orc:2    | Found Hoabliz's Antique Armour Boutique.
 31839 | Orc:2    | Found Vuil's General Store.
 31843 | Orc:2    | Bought a short bone wand for 120 gold pieces
 31845 | Orc:2    | Bought a scroll of blinking for 120 gold pieces
 31846 | Orc:2    | Bought a jewelled ring mail for 243 gold pieces
 31846 | Orc:2    | Identified the +4 ring mail of the Wasteland {rElec rPois
                  | rF+++ Dex-4} (You bought it in a shop on level 2 of the
                  | Orcish Mines)
 31934 | Orc:2    | Bought a potion of haste for 150 gold pieces
 31934 | Orc:2    | Bought a potion of resistance for 150 gold pieces
 31934 | Orc:2    | Bought a potion of berserk rage for 75 gold pieces
 31934 | Orc:2    | Bought a potion of curing for 45 gold pieces
 31934 | Orc:2    | Bought a potion of curing for 45 gold pieces
 31934 | Orc:2    | Bought a potion of mutation for 120 gold pieces
 31934 | Orc:2    | Bought 3 potions of curing for 135 gold pieces
 31935 | Orc:2    | Bought a scroll of teleportation for 90 gold pieces
 31935 | Orc:2    | Bought a scroll of fog for 120 gold pieces
 32159 | Spider:1 | Entered Level 1 of the Spider Nest
 33117 | Spider:1 | Identified the +6 scale mail "Muhon" {Fly MP+9}
 33389 | Spider:1 | Noticed Kirke
 33398 | Spider:1 | Killed Kirke
 34352 | Spider:1 | Reached XP level 18. HP: 82/112 MP: 18/18
 34490 | Spider:1 | Identified the staff of air "Boqeeti" {rElec SInv}
 34621 | Spider:2 | Identified the +2 robe "June" {-Tele Will+ Regen+ MP+9}
 34849 | Spider:2 | Identified the +4 falchion of Crusades {spect, rCorr}
 37515 | Spider:4 | Entered Level 4 of the Spider Nest
 38510 | Spider:4 | Reached XP level 19. HP: 115/117 MP: 10/19
 38695 | Spider:4 | Reached skill level 10 in Shields
 39150 | Spider:4 | Reached XP level 20. HP: 128/128 MP: 20/20
 39155 | Spider:4 | Got a gossamer rune of Zot
 39433 | Swamp:1  | Entered Level 1 of the Swamp
 39433 | Swamp:1  | Noticed Mlioglotl
 39448 | Swamp:1  | Noticed a bone dragon
 39449 | Swamp:1  | Gained mutation: You are vulnerable to cold. (rC-) [a
                  | neqoxec]
 39450 | Swamp:1  | Killed Mlioglotl
 39451 | Swamp:1  | Lost mutation: You are vulnerable to cold. (rC-) [potion of
                  | mutation]
 39451 | Swamp:1  | Gained mutation: Your muscles are strong. (Str +4, Int/Dex
                  | -1) [potion of mutation]
 39451 | Swamp:1  | Gained mutation: A frigid envelope surrounds you and
                  | freezes all who hurt you. [potion of mutation]
 39738 | Swamp:1  | Found a transporter.
 39774 | Swamp:1  | Acquired the +3 hat of the Arcane {-Tele Rampage rF+
                  | Slay+3}
 40012 | Swamp:1  | Found a transporter.
 40025 | Swamp:1  | Noticed kirbyLore2370's ghost (journeyman DrCj)
 40025 | Swamp:1  | Identified the +0 pair of boots of the Butterfly {Fly rPois
                  | rF- Int-4}
 40283 | Swamp:2  | Found a frozen archway.
 40292 | IceCv    | Entered an ice cave
 40445 | IceCv    | Identified the +8 hand axe of Cataclysm {freeze, rN+}
 40811 | IceCv    | Found a viscous altar of Jiyva.
 40901 | IceCv    | Identified the ring of Fots {Ice rN+}
 40901 | IceCv    | Identified the ring of the Frog {Ice rElec}
 41074 | Swamp:2  | Identified the ring of Boulathese {Fly AC+4}
 41444 | Swamp:3  | Noticed Roxanne
 41456 | Swamp:3  | Acquired the ring of the Ancients {rC+ Dex+8}
 42080 | Swamp:4  | Entered Level 4 of the Swamp
 42207 | Swamp:4  | Identified the +4 whip "Ynil" {heavy, MP+9}
 42428 | Swamp:4  | Identified the +1 falchion "Xagip" {drain, +Blink Dex+2}
 42646 | Swamp:4  | Noticed the 27-headed Lernaean hydra
 42648 | Swamp:4  | Killed the 27-headed Lernaean hydra
 42664 | Swamp:4  | Reached XP level 21. HP: 130/136 MP: 21/21
 43129 | Swamp:4  | Got a decaying rune of Zot
 43363 | Swamp:1  | Killed kirbyLore2370's ghost
 43619 | Lair:5   | Identified the staff of death "Hacsyc" {rC+ rN+ Int+3
                  | Dex-3}
 44012 | Vaults:1 | Entered Level 1 of the Vaults
 44092 | Vaults:1 | Identified the Volume of Twisted Geometry
 44141 | Vaults:1 | Learned a level 1 spell: Apportation
 44511 | Vaults:1 | Identified the +9 quarterstaff of Exceptional Valiance
                  | {freeze, Int+4}
 44538 | Vaults:1 | Found a runed translucent gate.
 44538 | Vaults:1 | Found a runed translucent gate.
 44539 | Vaults:1 | Found a runed translucent gate.
 44547 | Vaults:1 | Identified the +1 pair of gloves of Qojicre {rElec Dex+2}
 44548 | Vaults:1 | Noticed mantisjm's ghost (veteran HOFi)
 44582 | Vaults:1 | Identified the orb "Puciob" {mayhem, Fly Str+4 Dex-2}
 44583 | Vaults:1 | Killed mantisjm's ghost
 44719 | Vaults:1 | Identified the +8 short sword of Huaf {heavy, rElec SInv}
 45208 | Vaults:1 | Found Foulif's Antique Armour Shoppe.
 45643 | Vaults:2 | Noticed Frederick
 45645 | Vaults:2 | Killed Frederick
 45646 | Vaults:2 | Reached XP level 22. HP: 141/141 MP: 22/22
 45744 | Vaults:2 | Found a staircase to the Crypt.
 46851 | Vaults:2 | Identified the +3 broad axe of Destruction {heavy, *Rage
                  | rPois rC+ rN+}
 46852 | Vaults:2 | Noticed Sojobo
 46874 | Vaults:2 | Killed Sojobo
 47040 | Vaults:2 | Found a huge runed gate.
 47040 | Vaults:2 | Found a huge runed gate.
 47040 | Vaults:2 | Found a huge runed gate.
 47040 | Vaults:2 | Found a huge runed gate.
 47040 | Vaults:2 | Found a huge runed gate.
 47040 | Vaults:2 | Found a huge runed gate.
 47041 | Vaults:2 | Found a huge runed gate.
 47045 | Vaults:2 | Found a huge runed gate.
 47045 | Vaults:2 | Found a huge runed gate.
 47045 | Vaults:2 | Found a huge runed gate.
 47045 | Vaults:2 | Found a huge runed gate.
 47051 | Vaults:2 | Found a huge runed gate.
 47053 | Vaults:2 | Found a huge runed gate.
 47054 | Vaults:2 | Found a huge runed gate.
 47055 | Vaults:2 | Found a huge runed gate.
 47055 | Vaults:2 | Found a huge runed gate.
 47060 | Vaults:2 | Found a huge runed gate.
 47060 | Vaults:2 | Found a huge runed gate.
 47061 | Vaults:2 | Found a huge runed gate.
 47062 | Vaults:2 | Found a huge runed gate.
 47063 | Vaults:2 | Found a huge runed gate.
 47064 | Vaults:2 | Found a huge runed gate.
 47065 | Vaults:2 | Found a huge runed gate.
 47066 | Vaults:2 | Found a huge runed gate.
 47067 | Vaults:2 | Found a huge runed gate.
 47072 | Vaults:2 | Found a huge runed gate.
 47072 | Vaults:2 | Found a huge runed gate.
 47072 | Vaults:2 | Found a huge runed gate.
 47073 | Vaults:2 | Found a huge runed gate.
 47074 | Vaults:2 | Found a huge runed gate.
 47075 | Vaults:2 | Found a huge runed gate.
 47076 | Vaults:2 | Found a huge runed gate.
 47077 | Vaults:2 | Found a huge runed gate.
 47078 | Vaults:2 | Found a huge runed gate.
 47083 | Vaults:2 | Found a huge runed gate.
 47083 | Vaults:2 | Found a huge runed gate.
 48464 | Vaults:3 | Reached XP level 23. HP: 146/146 MP: 23/23
 48815 | Vaults:3 | Identified the +11 shortbow of the Seeker {drain, rElec
                  | rPois Str+2}
 50052 | Vaults:4 | Noticed Aizul
 50053 | Vaults:4 | Killed Aizul
 50819 | Abyss:3  | Cast into level 3 of the Abyss (a wizard)
 50821 | Abyss:3  | Found a sparkling altar of Nemelex Xobeh.
 50891 | Abyss:3  | Gained mutation: You sometimes lose your temper in combat.
                  | [a neqoxec]
 50955 | Abyss:3  | Got an abyssal rune of Zot
 51014 | Vaults:4 | Escaped the Abyss
 51292 | Depths:1 | Entered Level 1 of the Depths
 51560 | Depths:1 | Found a gateway to Hell.
 52501 | Depths:1 | Found a one-way gate to the infinite horrors of the Abyss.
 52543 | Depths:1 | Reached XP level 24. HP: 146/149 MP: 23/23
 52973 | Elf:1    | Entered Level 1 of the Elven Halls
 53415 | Elf:1    | Identified Buh Owun's Codex of the Band
 53530 | Elf:1    | Noticed Frances
 53533 | Elf:1    | Killed Frances
 53621 | Elf:1    | Found Minoekhloi's Magic Scroll Emporium.
 53626 | Elf:1    | Bought a scroll of fog for 72 gold pieces
 53626 | Elf:1    | Bought a scroll of teleportation for 54 gold pieces
 54124 | Elf:2    | Found a flickering gateway to a bazaar.
 54134 | Bazaar   | Entered a bazaar
 54160 | Bazaar   | Found Vupruith's Jewellery Boutique.
 54181 | Bazaar   | Found Irghosiq's Jewellery Emporium.
 54202 | Bazaar   | Found Juvup's Weapon Boutique.
 54222 | Bazaar   | Found Geraah's Antique Weapon Shoppe.
 54262 | Bazaar   | Bought the ring "Ivoef" {rN+ Will++ EV+5} for 856 gold
                  | pieces
 54347 | Elf:2    | Found a runed translucent gate.
 54370 | Elf:2    | Found a runed translucent gate.
 54370 | Elf:2    | Found a runed translucent gate.
 55226 | Elf:3    | Entered Level 3 of the Elven Halls
 55487 | Elf:3    | Reached skill level 15 in Fighting
 55562 | Elf:3    | Noticed Mara
 55565 | Elf:3    | Killed Mara
 56198 | Elf:3    | Identified the +3 long sword of Causality {holy, *Noise
                  | rElec rPois}
 56198 | Elf:3    | Identified the +5 whip "Aqogriqa" {holy, rN++ Int+4 Stlth-}
 56201 | Elf:3    | Reached XP level 25. HP: 165/165 MP: 23/23
 56380 | Elf:3    | Identified the +0 plate armour "Dudazeat" {-Tele Rampage
                  | +Inv Int+3}
 57593 | Swamp:3  | Killed Roxanne
 57993 | Depths:2 | Found a one-way gate leading to the halls of Pandemonium.
 58241 | Depths:2 | Found a one-way gateway to a ziggurat.
 58437 | Depths:2 | Noticed Nikola
 58439 | Depths:2 | Killed Nikola
 58535 | Depths:2 | Found a runed translucent door.
 58537 | Depths:2 | Noticed a caustic shrike
 58537 | Depths:2 | Noticed a juggernaut
 58582 | Depths:2 | Killed a juggernaut
 58591 | Depths:2 | Killed a caustic shrike
 58990 | Depths:2 | Identified the +9 glaive of Parts Unknown {vamp, rC+ rCorr
                  | Dex+5}
 59002 | Depths:2 | Acquired 897 gold pieces
 59061 | Depths:2 | Found a shimmering altar of Xom.
 60409 | Depths:3 | Identified the ring "Buguokey" {Ice rPois}
 60409 | Depths:3 | Noticed Josephina
 60411 | Depths:3 | Killed Josephina
 60552 | Depths:4 | Entered Level 4 of the Depths
 61016 | Depths:4 | Reached XP level 26. HP: 183/183 MP: 23/23
 61231 | Depths:4 | Found a gate to the Realm of Zot.
 62605 | Depths:4 | Found Xarphi's General Store.
 62612 | Depths:4 | Bought a scroll of teleportation for 45 gold pieces
 62612 | Depths:4 | Bought a wand of acid (8) for 504 gold pieces
 62612 | Depths:4 | Bought a scroll of poison for 60 gold pieces
 62949 | Zot:1    | Entered Level 1 of the Realm of Zot
 63043 | Zot:1    | Noticed Parghit
 63061 | Zot:1    | Killed Parghit
 64010 | Zot:2    | Identified the amulet "Yluh" {rF+ Regen+ Str+3}
 64015 | Zot:2    | Found a transporter.
 64018 | Zot:2    | Identified the +2 hat of the Furrier {Contam +Blink rN+
                  | Str+3}
 64147 | Zot:2    | Found a transporter.
 64464 | Zot:2    | Reached ***** piety under Ashenzari
 64590 | Zot:2    | Noticed a Killer Klown
 64593 | Zot:2    | a Killer Klown changed into a caustic shrike
 65896 | Zot:4    | Reached XP level 27. HP: 193/193 MP: 23/23
 65960 | Zot:4    | Noticed a Killer Klown
 65960 | Zot:4    | Noticed a Killer Klown
 65960 | Zot:4    | Noticed a Killer Klown
 65960 | Zot:4    | Noticed a Killer Klown
 65961 | Zot:4    | Killed a Killer Klown
 65963 | Zot:4    | Killed a Killer Klown
 65965 | Zot:4    | Killed a Killer Klown
 65966 | Zot:4    | Killed a Killer Klown
 67317 | Zot:5    | Entered Level 5 of the Realm of Zot
 68293 | Zot:5    | Noticed a Killer Klown
 68315 | Zot:5    | Killed a Killer Klown
 68320 | Zot:5    | Noticed a Killer Klown
 68341 | Zot:5    | Killed a Killer Klown
 68403 | Zot:5    | Noticed a Killer Klown
 68414 | Zot:5    | Killed a Killer Klown
 68420 | Zot:5    | Noticed an orb of fire
 68459 | Zot:5    | Killed an orb of fire
 68641 | Zot:5    | Noticed an orb of fire
 68656 | Zot:5    | Killed an orb of fire
 68711 | Zot:5    | Reached skill level 10 in Armour
 69159 | Zot:5    | Got the Orb of Zot
 69759 | D:2      | Noticed Olaes the pandemonium lord
 69796 | D:$      | Escaped with the Orb!

Illustrated notes

Levels and vault maps discovered:
D:1:      minmay_arrival_checkered_box, layout_basic
D:2:      layout_loops_corners, serial_aquarium, aquarium_bridge_square
          [aquarium_subvault_wall, aquarium_subvault_bridge,
          aquarium_subvault_bridge, aquarium_subvault_bridge],
          aquarium_bridge_straight [aquarium_subvault_bridge,
          aquarium_subvault_window, aquarium_subvault_bridge,
          aquarium_subvault_window], aquarium_window_fake, aquarium_window_3,
          aquarium_window_double, aquarium_window_1, aquarium_view_2d,
          aquarium_view_2a, ebering_ecumenical_altar_abandoned,
          nicolae_concentric_dashed_squares_mild
D:3:      layout_loops_ring, mainiacjoe_overflow_tiny_flanked,
          minmay_misc_feat_plants, uniq_robin
D:4:      layout_basic, nicolae_titane
D:5:      layout_basic
D:6:      layout_basic, nicolae_overflow_quartered_altars,
          minmay_temple_entry_nine_rooms, gammafunk_ghost_nasty_kobolds,
          corexii_corridor_pit, uniq_blork_the_orc
D:7:      layout_loops_cross, nzn_hepliaklqana_mist_gate, zin_angel,
          lightli_minifort
D:8:      layout_gridville, slow_altar_1, hellmonk_lair_entry_icy, kb_rosetta
D:9:      layout_rooms, mainiacjoe_overflow_concentric_impassable, david_orc_2
D:10:     layout_roguey, nemelex_xobeh_ov_fountains_minmay, special_room
          [special_room_bee], nicolae_underground_beach
D:11:     layout_loops_ring
D:12:     layout_stronghold, serial_shops, shop, uniq_lodul, uniq_fannar
D:13:     layout_irregular_city, uniq_maurice
D:14:     layout_rooms, lightli_vaults_fourway_checkpoint,
          hangedman_abyss_or_decor_slice
D:15:     hangedman_depths_entry_civil_slaughter, layout_stronghold,
          uniq_nessos, uniq_jorgrun
Temple:   minmay_temple_bridge_abc
Lair:1:   layout_roguey, uniq_harold
Lair:2:   layout_regular_city, minmay_swamp_entry_worms,
          spider_nest_entry_web_field
Lair:3:   layout_regular_city, grunt_forest_large_clearing_hut
Lair:4:   layout_roguey, gammafunk_ghost_arena
Lair:5:   guppyfry_lair_end_dragon, layout_cellular_growth,
          hangedman_lair_caniforms_friends, nicolae_slime_entry_field_trip,
          minmay_lindwurm_lava, grunt_megastairs_1
Swamp:1:  layout_basic_swamp, gammafunk_ghost_berserking_beasts,
          hangedman_swamp_diagram, uniq_mlioglotl
Swamp:2:  layout_basic_swamp, portal_ice_cave_entry_pillars_1,
          evilmike_swamp_ruin_house_6, swamp_pool3
Swamp:3:  layout_basic_swamp, evilmike_swamp_ruin_house_5, uniq_roxanne
Swamp:4:  swamp_old_school, layout_basic_swamp, infiniplex_staircase_pool
Spider:1: layout_spider_delve, worms_lemuel, uniq_kirke
Spider:2: layout_spider_delve
Spider:3: layout_spider_delve, nicolae_spider_orb_run
Spider:4: grunt_spider_rune_parallel
Orc:1:    dreamdust_under_siege, layout_caves
Orc:2:    st_orc_ogre_mass, layout_diamond_mine, uniq_erolcha
Elf:1:    minmay_elf_arrival_plus, layout_loops_cross, serial_shops, shop,
          minmay_elf_demonology, uniq_frances
Elf:2:    elven_hall_of_blades_hangedman_original
          [nicolae_blade_entry_area_security], layout_rooms, serial_shops,
          bzr_entry_dummy, small_statue_intersection, onia_ninara_cookie
Elf:3:    minmay_elf_hall, layout_geoelf_diagonals, serial_glass,
          glass_columns_b, glass_columns_b, glass_columns_b, glass_columns_b,
          glass_columns_a, uniq_mara
Vaults:1: gammafunk_ghost_spectres, v_misc_24, v_pattern_3,
          nicolae_vaults_diffraction_hallways, nicolae_vaults_wine_cellar,
          v_misc_16, v_misc_5, v_misc_1, v_misc_3, nicolae_vaults_rhombus_6,
          nicolae_vaults_trapezoid_4, nicolae_vaults_puzzle_piece,
          vaults_dpeg_encased_lava, nicolae_vaults_double_plus_1,
          ontoclasm_vaults_ligature, grunt_vaults_hallway_short,
          nicolae_vaults_variable_pillar_hall, layout_vaults_maze_bifur,
          serial_shops, nicolae_shop_getting_attention
Vaults:2: nicolae_vaults_closet_pinwheel_6, door_vault,
          nicolae_vaults_back_hallway, nicolae_vaults_border_crossing,
          grunt_vaults_funnel, nicolae_vaults_offset_grid_hallway_4,
          hangedman_vaults_stream, minmay_crypt_entry_skeletal_spiral,
          v_misc_26, hangedman_vaults_stagger, v_misc_22,
          nicolae_vaults_tetromino_Z_2, ontoclasm_vaults_hangar,
          layout_vaults_omnibox, uniq_frederick, uniq_sojobo
Vaults:3: hangedman_vaults_locks, vaults_mumra_lcd, v_misc_10,
          nicolae_vaults_know_your_exits, v_misc_15, layout_vaults_omnigrid
Vaults:4: nicolae_vaults_network_s, v_rooms_3, v_misc_30,
          nicolae_vaults_shrinking_rooms_2, nicolae_vaults_house_1,
          nicolae_vaults_little_ls, nicolae_vaults_display_case,
          layout_vaults_omnicross, uniq_aizul
Depths:1: layout_gridlike, grunt_hell_entry_dis_old,
          abyss_entry_small_statue_room, serial_bayou, serial_bayou_crossing,
          serial_bayou_pond_d, serial_bayou_pond_b, serial_bayou_lagoon_a,
          hex_intersection, grunt_ministairs_8, nicolae_danse_macabre
Depths:2: minmay_gate_of_8, layout_gridville, enter_ziggurat_f, pan_entry,
          pf_hell_entry_tar_spiral, xom_teletrap_fun, kennysheep_minor_cross,
          infiniplex_staircase_squiggle, uniq_nikola
Depths:3: kennysheep_cluttered_fort, layout_cave_shapes, minmay_room_of_horrors,
          hell_entry, minmay_misc_feat_diagonals, nrook_mini_backslash,
          uniq_josephina
Depths:4: grunt_zot_entry_pinwheel, layout_basic, rand_demon_pan_entry_4,
          pf_hell_entry_great_geh, serial_shops, nicolae_lakefront_shop,
          nrook_campfire
Zot:1:    layout_gridlike, grunt_megastairs_4, uniq_parghit
Zot:2:    gammafunk_the_bubble [the_bubble_gammafunk_crates],
          layout_cathedral_of_symmetry
Zot:3:    layout_misc_corridors, zot_minivault_1
Zot:4:    ebering_greatest_show_in_zot, layout_cellular_growth
Zot:5:    layout_misc_corridors, grunt_ministairs_4, lemuel_baited_zot_trap

Skill      XL: |  1  2  3  4  5  6  7  8  9 10 11 12 13 14 15 16 17 18 19 20 21 22 23 24 25 26 27 |
---------------+----------------------------------------------------------------------------------+-----
Short Blades   | 3 4 5 7 8 9 10 13 14 17 20 24 | 24.7
Dodging        | 2 5 10 14 15 17 19 20 23 25 | 25.5
Throwing       | 3 6 15 | 15.4
Evocations     | 4 5 |  5.0
Fighting       | 3 4 5 10 12 14 16 20 22 24 | 24.4
Armour         | 1 5 6 7 11 | 11.3
Shields        | 2 4 5 9 10 14 | 14.9
Stealth        | 10 13 16 20 23 25 | 25.6

Action                     |  1- 3 |  4- 6 |  7- 9 | 10-12 | 13-15 | 16-18 | 19-21 | 22-24 | 25-27 || total
---------------------------+-------+-------+-------+-------+-------+-------+-------+-------+-------++-------
  Melee: Dagger            |    68 |   132 |   488 |   151 |       |       |       |       |       ||   839
         Punch             |       |       |     7 |       |       |       |       |       |       ||     7
         Rapier            |       |       |       |   578 |  1566 |  2190 |   961 |  1563 |  2094 ||  8952
  Throw: Dart              |     4 |    18 |    70 |     4 |    31 |    61 |     9 |     2 |    22 ||   221
         Throwing net      |       |       |     1 |       |       |     2 |     1 |     1 |     1 ||     6
         Boomerang         |       |       |       |       |       |     4 |       |    47 |     4 ||    55
 Invoke: Curse Item        |       |       |     2 |     5 |     1 |     3 |     3 |     2 |     3 ||    19
         Shatter the Chain |       |       |       |     1 |     1 |     2 |     4 |     1 |     1 ||    10
  Evoke: Wand              |       |     6 |     5 |     5 |     2 |     3 |     3 |    29 |     9 ||    62
         Lightning rod     |       |       |       |       |     6 |     4 |     1 |       |     2 ||    13
         Phial of floods   |       |       |       |       |       |     1 |       |     2 |       ||     3
         Phantom mirror    |       |       |       |       |       |       |     1 |     1 |     1 ||     3
         Condenser vane    |       |       |       |       |       |       |       |     2 |     1 ||     3
         Box of beasts     |       |       |       |       |       |       |       |       |     2 ||     2
    Use: Scroll            |       |     4 |     4 |     3 |     3 |     3 |     7 |     5 |     7 ||    36
         Potion            |       |     1 |     3 |     3 |     5 |     2 |     4 |     9 |    16 ||    43
   Stab: Sleeping          |    14 |    15 |     8 |    31 |    39 |   100 |   138 |   151 |   131 ||   627
         Held in net/web   |       |       |     1 |       |       |     3 |     1 |     1 |     2 ||     8
         Distracted        |       |       |     1 |     5 |     5 |    14 |    11 |    32 |    22 ||    90
         Invisible         |       |       |       |    14 |    11 |       |     4 |     7 |       ||    36
         Confused          |       |       |       |       |     1 |       |       |       |       ||     1
 Armour: Robe              |    12 |    16 |    27 |       |       |       |       |       |       ||    55
         Ring mail         |       |       |    80 |   105 |   124 |   220 |    87 |    76 |     5 ||   697
         Fire dragon scale |       |       |       |       |       |       |       |       |    86 ||    86
  Dodge: Dodged            |    45 |    42 |   250 |   349 |   780 |  1272 |   529 |   668 |  1042 ||  4977
  Block: Buckler           |       |       |    11 |   122 |   493 |   963 |   129 |       |       ||  1718
         Reflection        |       |       |       |       |     3 |    10 |     8 |    49 |     6 ||    76
         Kite shield       |       |       |       |       |       |       |   423 |   964 |  1292 ||  2679
